Map: New Repugnancy LE

Players

Mesrob - Winner!

  • Race: Protoss Protoss
  • League: Platinum
  • Spawn Location: 1:00

Tattoo

  • Race: Protoss Protoss
  • League: Platinum
  • Spawn Location: 7:00

VOD

Have the link to the VOD?

Description

Time

  • Played on: July 16, 2019, 2:05 a.m.
  • Length: 15:38
Show
View Real Time Build Order
Export as new Build Order

Mesrob Protoss - Winner!

Build Orders: Chargelot Immortal 

Get SALT Encoding   

  12  0:00  Probe  
  13  0:12  Probe  
  14  0:18  Pylon  
  14  0:20  Probe  
  15  0:32  Probe  
  15  0:42  Gateway  
  16  0:44  Probe  
  17  0:51  Assimilator  
  17  0:57  Probe  
  18  1:09  Probe  
  19  1:16  Pylon  
  19  1:21  Assimilator, Probe  
  20  1:32  Probe  
  20  1:34  Cybernetics Core  
  21  1:40  Probe  
  22  1:48  Probe  
  23  1:56  Gateway  
  23  2:00  Probe  
  24  2:10  Stalker  
  24  2:12  Pylon, Probe  
  27  2:24  Probe  
  28  2:36  Probe  
  29  2:38  Warp Gate  
  29  2:51  Probe  
  29  2:53  Nexus  
  29  2:55  Pylon  
  29  2:57  Stalker  
  32  3:01  Sentry  
  34  3:06  Probe  
  34  3:16  Pylon  
  34  3:18  Probe  
  35  3:25  Forge  
  35  3:33  Stalker  
  37  3:35  Stalker  
  39  3:44  Twilight Council  
  39  3:57  Robotics Facility  
  39  4:02  Probe, Protoss Ground Weapons Level 1  
  40  4:12  Probe  
  40  4:15  Probe  
  42  4:22  Assimilator  
  42  4:26  Assimilator  
  42  4:35  Sentry  
  42  4:37  Zealot  
  46  4:48  Robotics Facility  
  46  4:51  Pylon  
  46  4:55  Probe  
  46  4:56  Probe  
  48  5:04  Probe  
  48  5:08  Probe  
  48  5:12  Stalker x2, Probe  
  54  5:16  Immortal  
  54  5:20  Probe  
  60  5:22  Probe  
  61  5:36  Stalker x2  
  61  5:39  Immortal  
  69  5:43  Charge, Probe  
  70  5:51  Probe x2  
  70  5:55  Observer  
  73  6:01  Protoss Ground Armor Level 1  
  73  6:07  Zealot  
  73  6:11  Zealot  
  77  6:15  Probe  
  78  6:22  Pylon  
  78  6:29  Pylon  
  78  6:37  Pylon  
  78  6:38  Pylon  
  78  6:39  Pylon  
  78  6:40  Probe x2  
  80  6:53  Probe  
  69  7:21  Nexus  
  69  7:22  Pylon  
  69  7:26  Pylon, Immortal x2  
  77  7:39  Zealot x2  
  81  7:50  Pylon  
  81  8:04  Probe  
  82  8:07  Gateway  
  82  8:08  Immortal x2, Gateway  
  82  8:09  Protoss Ground Weapons Level 2  
  82  8:12  Zealot  
  92  8:14  Zealot  
  92  8:16  Probe  
  95  8:20  Probe  
  96  8:28  Probe  
  97  8:47  Immortal  
  101  8:51  Pylon  
  101  8:53  Pylon, Immortal  
  101  8:54  Assimilator  
  101  8:58  Assimilator  
  101  8:59  Zealot  
  101  9:00  Pylon, Zealot  
  105  9:06  Pylon  
  109  9:11  Probe  
  109  9:13  Probe  
  109  9:16  Probe  
  112  9:19  Probe  
  112  9:21  Probe  
  113  9:29  Zealot x3  
  120  9:38  Stargate x2  
  118  9:46  Zealot  
  118  9:49  Immortal x2  
  128  9:54  Blink  
  89  10:25  Probe  
  89  10:26  Probe x2  
  88  10:37  Probe  
  88  10:38  Probe x2  
  88  10:49  Probe  
  89  10:50  Stalker, Probe x2  
  89  10:51  Stalker x3  
  99  11:02  Probe x3  
  102  11:12  Probe  
  102  11:14  Probe x2  
  102  11:15  Assimilator  
  105  11:20  Probe  
  106  11:26  Probe x2  
  106  11:28  Probe  
  109  11:38  Probe  
  109  11:39  Fleet Beacon  
  110  11:40  Probe  
  111  11:50  Probe  
  106  12:02  Stalker x3, Probe  
  106  12:03  Stalker  
  115  12:16  Immortal  
  119  12:32  Carrier  
  119  12:34  Carrier  
  131  12:42  Probe x3  
  134  12:50  Probe  
  134  12:58  Probe  
  135  12:59  Zealot x3  
  142  13:09  Probe  
  143  13:21  Probe  
  143  13:24  Stalker x3  
  143  13:25  Stalker  
  152  13:27  Carrier  
  152  13:34  Carrier  
  158  13:52  Immortal  
  162  14:07  Nexus  
  162  14:08  Pylon  
  162  14:12  Probe  
  163  14:17  Pylon  
  163  14:24  Probe  
  163  14:28  Pylon, Probe  
  165  14:35  Pylon  
  165  14:38  Stalker x3  
  171  15:05  Stalker x2  
  171  15:06  Stalker x2  
Show
View Real Time Build Order
Export as new Build Order

Tattoo Protoss 

Build Orders:  

Get SALT Encoding   

  12  0:01  Probe  
  13  0:15  Probe  
  13  0:16  Pylon  
  14  0:23  Probe  
  15  0:31  Assimilator  
  15  0:41  Gateway  
  15  0:44  Probe  
  16  0:56  Probe  
  17  1:04  Pylon  
  17  1:07  Assimilator  
  17  1:08  Probe  
  18  1:16  Probe  
  18  1:24  Probe  
  19  1:29  Cybernetics Core  
  20  1:35  Probe  
  20  1:37  Zealot  
  24  1:47  Probe  
  24  1:50  Gateway  
  24  1:55  Warp Gate  
  24  1:59  Probe  
  25  2:10  Stalker  
  25  2:11  Probe  
  28  2:23  Probe  
  28  2:28  Gateway  
  29  2:33  Pylon  
  29  2:39  Stalker  
  31  2:53  Probe  
  31  2:56  Robotics Facility  
  32  3:05  Stalker  
  34  3:20  Twilight Council  
  34  3:35  Nexus  
  34  3:39  Charge  
  34  3:44  Pylon  
  34  3:46  Stalker  
  36  3:49  Stalker  
  38  4:03  Zealot  
  40  4:10  Pylon  
  40  4:21  Zealot x2  
  40  4:24  Zealot  
  46  4:28  Observer  
  47  4:47  Probe  
  48  4:55  Probe  
  49  5:03  Zealot x2  
  49  5:04  Zealot  
  49  5:05  Probe  
  56  5:17  Probe  
  57  5:24  Zealot x3  
  63  5:29  Probe  
  63  5:30  Gateway  
  63  5:33  Gateway  
  64  5:41  Probe  
  65  5:51  Forge x2  
  65  5:52  Probe x2  
  67  6:00  Probe  
  67  6:04  Stalker  
  67  6:10  Pylon  
  70  6:12  Pylon  
  70  6:21  Probe  
  70  6:28  Probe  
  70  6:29  Zealot x2  
  70  6:30  Zealot  
  70  6:31  Zealot x2  
  81  6:35  Pylon  
  81  6:36  Protoss Ground Weapons Level 1  
  81  6:37  Assimilator  
  81  6:38  Protoss Ground Armor Level 1  
  81  6:40  Probe  
  81  6:42  Observer  
  81  6:43  Assimilator  
  81  7:04  Observer  
  80  7:12  Stalker  
  80  7:13  Stalker x4  
  90  7:25  Immortal  
  94  7:43  Pylon  
  94  7:45  Pylon  
  94  7:47  Pylon  
  94  7:52  Pylon  
  94  7:53  Pylon  
  94  7:54  Pylon  
  94  8:02  Probe  
  94  8:10  Probe  
  95  8:18  Probe  
  95  8:19  Stalker  
  98  8:20  Stalker x4  
  98  8:26  Probe  
  107  8:30  Warp Prism  
  110  8:44  Protoss Ground Weapons Level 2  
  110  8:45  Stalker  
  110  8:46  Stalker x3  
  118  8:51  Blink  
  118  8:56  Protoss Ground Armor Level 2  
  118  8:57  Probe  
  119  9:09  Probe  
  82  10:36  Dark Shrine  
  82  10:38  Stalker  
  82  10:39  Stalker x3  
  82  10:40  Stalker  
  90  11:01  Stargate  
  90  11:02  Stargate  
  90  11:04  Nexus  
  90  11:05  Stargate  
  90  11:08  Stargate  
  90  11:14  Stalker x4  
  90  11:15  Stalker  
  90  11:18  Protoss Ground Weapons Level 3  
  100  11:20  Protoss Ground Armor Level 3  
  100  11:23  Pylon  
  100  11:36  Observer  
  101  12:10  Pylon  
  101  12:12  Pylon, Stalker  
  101  12:15  Stalker x4  
  111  12:24  Gateway  
  111  12:27  Probe  
  115  12:30  Gateway  
  115  12:31  Gateway  
  115  12:35  Probe  
  116  12:38  Probe  
  118  12:44  Probe, Zealot  
  118  12:45  Zealot  
  118  12:46  Probe  
  124  12:55  Probe  
  124  12:57  Probe  
  124  12:58  Observer  
  123  13:03  Assimilator  
  123  13:04  Assimilator  
  123  13:08  Probe  
  123  13:09  Probe  
  125  13:21  Dark Templar, Probe  
  125  13:22  Dark Templar x5  
  125  13:24  Dark Templar  
  140  13:29  Probe  
  141  13:37  Probe  
  141  13:47  Probe  
  143  13:59  Probe  
  144  14:10  Void Ray  
  144  14:12  Void Ray  
  144  14:13  Void Ray  
  144  14:16  Nexus  
  156  14:17  Dark Templar  
  156  14:20  Dark Templar x3  
  156  14:21  Dark Templar  
  162  15:08  Pylon  
  162  15:09  Pylon  
Tags
 
Add a new tag
Caveats
  • Supply blocks, unpowered buildings, or Contaminate may cause inaccurate times.
  • Supply counts are checked every 10 seconds.